 Dungeon Sprint DCSS version 0.23.2-1-ga50397a6bc (webtiles) character file.

Game seed: 6859303792824493525

1962 MisterOstroum the Blocker (level 9, -8/93 HPs)
             Began as a Deep Dwarf Fighter on May 21, 2019.
             Was an Elder of Trog.
             Mangled by a 13-headed hydra (11 damage)
             ... in the Dungeon (Sprint IX: "|||||||||||||||||||||||||||||").
             The game lasted 00:04:58 (613 turns).

MisterOstroum the Blocker (Deep Dwarf Fighter)       Turns: 613, Time: 00:04:59

Health: -8/93      AC: 16    Str: 24    XL:     9   Next: 0%
Magic:  6/6        EV: 10    Int:  8    God:    Trog [****..]
Gold:   14         SH:  0    Dex: 15    Spells: 8/8 levels left

rFire    . . .     SeeInvis .   p - +5 war axe (chop)
rCold    . . .     Gourm    .   (no shield)
rNeg     . . .     Faith    .   a - +3 chain mail
rPois    .         Spirit   .   q - +0 helmet
rElec    .         Reflect  .   (no cloak)
rCorr    .         Harm     .   (no gloves)
MR       +....     NoTele   +   (no boots)
Stlth    ..........             (no amulet)
HPRegen  0.00/turn              s - +2 ring of evasion
MPRegen  0.10/turn              r - +3 ring of dexterity

@: berserk cooldown, non-regenerating
A: damage resistance, heal wounds, sense surroundings 2, no regeneration
a: Heal Wounds, Berserk, Trog's Hand, Brothers in Arms, Renounce Religion


You were in the Dungeon.
You worshipped Trog.
Trog was greatly pleased with you.
You were near starving.

You visited 1 branch You collected 14 gold pieces.

Inventory:

Hand Weapons
 p - a +5 war axe of chopping (weapon)
Armour
 a - a +3 chain mail (worn)
 c - a +0 shield
 q - a +0 helmet (worn)
Jewellery
 r - a +3 ring of dexterity (right hand)
 s - a +2 ring of evasion (left hand)
Wands
 o - a wand of iceblast (10)
Scrolls
 k - 3 scrolls of blinking {@r4}
 n - 3 scrolls of remove curse
 v - a scroll of fear {!r}
Potions
 d - 2 potions of might {@q3 !q}
 f - 6 potions of curing {@q1 !q}
 g - 5 potions of heal wounds {@q2 !q}
 h - 2 potions of haste {@q4 !q}
 i - 4 potions of magic
 j - a potion of berserk rage
 m - a potion of invisibility
 t - 2 potions of brilliance
 u - a potion of mutation
Comestibles
 e - a ration


   Skills:
 + Level 9.8 Fighting
 + Level 11.2 Axes
 + Level 11.4 Armour
 + Level 11.4 Shields


You had 8 spell levels left.
You didn't know any spells.
Your spell library was empty.

Dungeon Overview and Level Annotations

Branches:
Dungeon (1/1)

Altars:
Cheibriados
Dithmenos
Elyvilon
Fedhas
Gozag
Hepliaklqana
Kikubaaqudgha
Makhleb
Nemelex Xobeh
Okawaru
Qazlal
Ru
Sif Muna
Trog
Uskayaw
Vehumet
Wu Jian
Xom
Yredelemnul
Zin
The Shining One
Beogh
Jiyva
Lugonu


Innate Abilities, Weirdness & Mutations

You are resistant to damage.
You can heal yourself by infusing magical energy.
You passively map the area around you.
You do not regenerate.


Message History

The nine-headed hydra barely misses you.
The nine-headed hydra bites you but does no damage. x2
You lop one of the nine-headed hydra's heads off!
The eight-headed hydra grows two more!
You hit the ten-headed hydra.
The ten-headed hydra is moderately wounded.
The ten-headed hydra closely misses you. x2
The ten-headed hydra bites you!
The ten-headed hydra bites you but does no damage. x2
The ten-headed hydra bites you. x2; The ten-headed hydra misses you.
The ten-headed hydra closely misses you.
The ten-headed hydra bites you but does no damage.
You slice one of the ten-headed hydra's heads off!
The nine-headed hydra grows two more!
You slash the 11-headed hydra!
The 11-headed hydra is moderately wounded.
You feel the effects of Trog's Hand fading.
The 11-headed hydra bites you. The 11-headed hydra closely misses you.
The 11-headed hydra bites you but does no damage. x5
The 11-headed hydra bites you. x2
The 11-headed hydra bites you but does no damage.
The 11-headed hydra bites you!
The 11-headed hydra bites you but does no damage.
The 11-headed hydra bites you.
The 11-headed hydra bites you but does no damage.
The 11-headed hydra bites you.
* * * LOW HITPOINT WARNING * * *
The 11-headed hydra bites you but does no damage.
The 11-headed hydra barely misses you.
The 11-headed hydra bites you but does no damage.
The 11-headed hydra bites you.
The 11-headed hydra bites you but does no damage. x3
You feel much better.
The 11-headed hydra bites you but does no damage.
The 11-headed hydra bites you.
The 11-headed hydra closely misses you. x2
The 11-headed hydra bites you!
The 11-headed hydra bites you but does no damage.
The 11-headed hydra bites you! The 11-headed hydra bites you. x2
The 11-headed hydra closely misses you.
The 11-headed hydra bites you but does no damage.
The 11-headed hydra closely misses you.
The 11-headed hydra bites you but does no damage. x2
The 11-headed hydra closely misses you.
The 11-headed hydra bites you but does no damage. x3
The 11-headed hydra bites you.
The 11-headed hydra bites you but does no damage.
The 11-headed hydra bites you. x2
You see here a +0 war axe.
There's a creature in the doorway!
You fail to use your ability.
The bullfrog swells and bulges.
The 11-headed hydra bites you but does no damage.
The 11-headed hydra bites you! x2
The 11-headed hydra bites you but does no damage.
The 11-headed hydra bites you.
The 11-headed hydra bites you but does no damage. x2
The 11-headed hydra bites you!
* * * LOW HITPOINT WARNING * * *
The 11-headed hydra bites you but does no damage. x3
Really read
v - 2 scrolls of fear {!r}?
As you read the scroll of fear {!r}, it crumbles to dust.
You assume a fearsome visage.
The 11-headed hydra looks frightened!
The eight-headed hydra looks frightened!
The bullfrog looks frightened!
The hippogriff looks frightened!
Your skin stops crawling.
You feel less resistant to hostile enchantments.
Cornered, the bullfrog turns to fight!
Cornered, the 11-headed hydra turns to fight!
You hack one of the 11-headed hydra's heads off!
The ten-headed hydra grows two more!
You slash the 12-headed hydra!
The 12-headed hydra is moderately wounded.
The 12-headed hydra bites you but does no damage.
The 12-headed hydra bites you!
* * * LOW HITPOINT WARNING * * *
The 12-headed hydra bites you.
The 12-headed hydra bites you but does no damage. x3
The 12-headed hydra bites you.
* * * LOW HITPOINT WARNING * * *
The 12-headed hydra closely misses you. The 12-headed hydra bites you.
* * * LOW HITPOINT WARNING * * *
The 12-headed hydra bites you.
* * * LOW HITPOINT WARNING * * *
The 12-headed hydra bites you. The 12-headed hydra barely misses you.
The 12-headed hydra bites you but does no damage. x4
The 12-headed hydra bites you. x2
* * * LOW HITPOINT WARNING * * *
The 12-headed hydra bites you but does no damage.
The 12-headed hydra closely misses you.
The 12-headed hydra bites you but does no damage. x4
You lop one of the 12-headed hydra's heads off!
The 11-headed hydra grows two more!
You hit the 13-headed hydra.
The 13-headed hydra is lightly wounded.
You feel yourself speed up. The 13-headed hydra bites you.
* * * LOW HITPOINT WARNING * * *
The 13-headed hydra bites you. The 13-headed hydra closely misses you.
The 13-headed hydra misses you. The 13-headed hydra bites you!
* * * LOW HITPOINT WARNING * * *
The 13-headed hydra closely misses you. The 13-headed hydra barely misses you.
The 13-headed hydra bites you but does no damage.
The 13-headed hydra bites you!
You die...

▓.▓.▓.▓ ,*
▓.▓.▓.▓, ,
* * ▓.▓.▓:▓
* *,
▓.▓.▓.▓, ,
▓'▓.▓.▓,*,*
▓_▓.▓.▓ ,
▓_▓.▓.▓
▓_▓.▓.▓ ,
*, ▓_▓.▓@▓,
, ▓_▓.▓D▓ ,
▓_▓.▓F▓ * *
*, ▓_▓.▓.▓,
* * ▓_▓.▓.▓
, , *
▓_▓.▓D▓ *
,* ▓_▓.▓.▓
, ▓_▓.▓.▓ *
* *, ,
▓_▓.▓.▓ , *


You could see a 13-headed hydra, an eight-headed hydra (fleeing) and a bullfrog.

Vanquished Creatures
  An ugly thing (D)
  2 komodo dragons (D)
  2 hippogriffs (D)
  A shadow (D)
  A sky beast (D)
  A centaur (D)
  A crocodile (D)
  A bullfrog (D)
  A scorpion (D)
  2 hounds (D)
  A quasit (D)
  2 iguanas (D)
  A worker ant (D)
  An adder (D)
  A leopard gecko (D)
  2 orcs (D)
  A goblin (D)
  A hobgoblin (D)
  A kobold (D)
  A ball python (D)
  A frilled lizard (D)
  A quokka skeleton (D)
27 creatures vanquished.

Notes
Turn   | Place    | Note
-------+----------+-------------------------------------------
     0 | D        | MisterOstroum the Deep Dwarf Fighter began the quest for
                  | the Orb.
     0 | D        | Reached XP level 1. HP: 20/20 MP: 1/1
    23 | D        | Noticed a centaur
    33 | D        | Reached XP level 2. HP: 25/28 MP: 2/2
    36 | D        | Killed a centaur
    36 | D        | Reached skill level 5 in Axes
    36 | D        | Reached skill level 5 in Armour
    36 | D        | Reached skill level 5 in Shields
    36 | D        | Reached XP level 3. HP: 20/37 MP: 3/3
    36 | D        | Reached XP level 4. HP: 24/45 MP: 4/4
    69 | D        | Found a roughly hewn altar of Beogh.
    69 | D        | Found a snail-covered altar of Cheibriados.
    69 | D        | Found a shadowy altar of Dithmenos.
    69 | D        | Found a white marble altar of Elyvilon.
    69 | D        | Found a blossoming altar of Fedhas.
    69 | D        | Found an opulent altar of Gozag.
    70 | D        | Found a hazy altar of Hepliaklqana.
    71 | D        | Found a viscous altar of Jiyva.
    72 | D        | Found an ancient bone altar of Kikubaaqudgha.
    73 | D        | Found a corrupted altar of Lugonu.
    74 | D        | Found a burning altar of Makhleb.
    75 | D        | Found a sparkling altar of Nemelex Xobeh.
    76 | D        | Found an iron altar of Okawaru.
    77 | D        | Found a stormy altar of Qazlal.
    78 | D        | Found a sacrificial altar of Ru.
    79 | D        | Found a deep blue altar of Sif Muna.
    80 | D        | Found a bloodstained altar of Trog.
    81 | D        | Found a hide-covered altar of Uskayaw.
    82 | D        | Found a radiant altar of Vehumet.
    83 | D        | Found an ornate altar of the Wu Jian Council.
    84 | D        | Found a shimmering altar of Xom.
    85 | D        | Found a basalt altar of Yredelemnul.
    86 | D        | Found a glowing silver altar of Zin.
    87 | D        | Found a glowing golden altar of the Shining One.
    88 | D        | Became a worshipper of Trog the Wrathful
   141 | D        | Reached skill level 5 in Fighting
   145 | D        | Reached XP level 5. HP: 49/52 MP: 4/4
   151 | D        | Reached * piety under Trog
   175 | D        | Reached ** piety under Trog
   175 | D        | Reached XP level 6. HP: 25/63 MP: 5/5
   185 | D        | Noticed a hippogriff
   185 | D        | Noticed a brown ugly thing
   185 | D        | Noticed a sky beast
   185 | D        | Noticed a shadow
   189 | D        | Killed a hippogriff
   200 | D        | Killed a brown ugly thing
   200 | D        | Reached XP level 7. HP: 13/75 MP: 6/6
   206 | D        | Reached skill level 10 in Armour
   206 | D        | Reached skill level 10 in Shields
   210 | D        | Killed a shadow
   210 | D        | Reached *** piety under Trog
   210 | D        | Reached skill level 10 in Axes
   210 | D        | Reached XP level 8. HP: 5/82 MP: 7/7
   580 | D        | Noticed a komodo dragon
   580 | D        | Noticed a komodo dragon
   580 | D        | Noticed a hippogriff
   580 | D        | Noticed a four-headed hydra
   581 | D        | Noticed an eight-headed hydra
   586 | D        | Killed a komodo dragon
   591 | D        | Killed a komodo dragon
   592 | D        | Reached **** piety under Trog
   594 | D        | Noticed a hippogriff
   596 | D        | Killed a hippogriff
   596 | D        | Gained mutation: You passively map the area around you.
                  | [Deep Dwarf growth]
   596 | D        | Reached XP level 9. HP: 42/93 MP: 7/7
   613 | D        | HP: 3/93 [13-headed hydra (6)]
   613 | D        | Mangled by a 13-headed hydra

Skill      XL: |  1  2  3  4  5  6  7  8 |
---------------+-------------------------+-----
Fighting       | 3 4 5 6 8 9 |  9.8
Axes           | 3 5 7 9 10 11 | 11.2
Armour         | 4 5 6 7 9 10 11 | 11.4
Shields        | 4 5 6 7 9 10 11 | 11.4

Action                   |  1- 3 |  4- 6 |  7- 9 || total
-------------------------+-------+-------+-------++-------
Melee: War axe           |    23 |    59 |    35 ||   117
Invok: Berserk           |       |     1 |     1 ||     2
       Trog's Hand       |       |     1 |     1 ||     2
 Abil: Heal Wounds       |       |     2 |     9 ||    11
  Use: Scroll            |       |       |     5 ||     5
Armor: Scale mail        |     5 |    35 |     5 ||    45
       Chain mail        |       |       |    72 ||    72
Dodge: Dodged            |     8 |    47 |    56 ||   111
Block: Shield            |    12 |     4 |       ||    16
